General information
- name: BNet
- type: Ladder team game (AT/RT)
- host: Battle.net
- saver: MyLiegeCyrus
map: UpperKingdom
- players: 6
- length: 50:53
- speed: Fast
- version: 1.26 W3XP
- replay type:

» download(356 KB)
Players
team 1 (winner)
Mata. (
pink | 122 APM | 6182 actions | 50:52)
5 Warden
2 Shadow Strike
3 Blink
» actions
| Assign group hotkey | 920 | |
| Basic commands | 11 | |
| Build / train | 86 | |
| ESC pressed | 7 | |
| Enter build submenu | 46 | |
| Enter hero's abilities submenu | 5 | |
| Give item / drop item | 2 | |
| Right click | 3682 | |
| Select / deselect | 486 | |
| Select group hotkey | 713 | |
| Use ability | 222 | |
6182 total
» units
» upgrades
| Nature's Blessing | 1 | |
| Well Spring | 1 | |
| Vorpal Blades | 1 | |
3 total
» buildings
| Altar of Elders | 1 | |
| Moon Well | 16 | |
| Tree of Life | 4 | |
| Tree of Ages | 2 | |
| Tree of Eternity | 2 | |
| Ancient of Wonders | 1 | |
| Hunter's Hall | 1 | |
| Ancient of War | 8 | |
35 total
» build order
00:04 Altar of Elders
00:17 Moon Well
03:02 Moon Well
04:21 Moon Well
04:59 Moon Well
05:40 Tree of Life
06:12 Tree of Ages
06:12 Tree of Ages
06:58 Moon Well
09:03 Tree of Eternity
09:03 Tree of Eternity
09:07 Ancient of Wonders
09:10 Moon Well
14:37 Tree of Life
14:40 Tree of Life
15:39 Moon Well
15:42 Moon Well
15:45 Hunter's Hall
17:05 Ancient of War
17:09 Ancient of War
19:03 Ancient of War
19:04 Ancient of War
19:07 Ancient of War
19:08 Ancient of War
23:57 Moon Well
23:57 Moon Well
26:45 Tree of Life
31:10 Ancient of War
31:10 Ancient of War
36:08 Moon Well
36:08 Moon Well
36:08 Moon Well
36:09 Moon Well
43:12 Moon Well
43:13 Moon Well
» items
| Healing Salve | 2 | |
| Lesser Clarity Potion | 1 | |
| Scroll of Speed | 1 | |
| Potion of Healing | 6 | |
| Orb of Venom | 1 | |
| Scroll of Regeneration | 1 | |
| Scroll of Town Portal | 1 | |
13 total
MyLiegeCyrus (
teal | 126 APM | 6405 actions | 50:53)
6 Archmage
3 Blizzard
2 Brilliance Aura
1 Mass Teleport
6 Mountain King
3 Storm Bolt
2 Bash
1 Avatar
5 Paladin
3 Holy Light
2 Divine Shield
» actions
| Assign group hotkey | 323 | |
| Basic commands | 49 | |
| Build / train | 187 | |
| Enter build submenu | 194 | |
| Enter hero's abilities submenu | 17 | |
| Give item / drop item | 4 | |
| Right click | 3110 | |
| Select / deselect | 655 | |
| Select group hotkey | 1396 | |
| Use ability | 470 | |
6405 total
» units
» upgrades
| Masonry | 3 | |
| Lumber Harvesting | 2 | |
| Magic Sentry | 1 | |
| Swords | 3 | |
| Armor | 2 | |
| Cloud | 1 | |
| Animal War Training | 1 | |
13 total
» buildings
| Altar of Kings | 1 | |
| Farm | 14 | |
| Lumber Mill | 1 | |
| Scout Tower | 195 | |
| Arcane Tower | 18 | |
| Guard Tower | 92 | |
| Arcane Vault | 6 | |
| Keep | 1 | |
| Arcane Sanctum | 1 | |
| Castle | 1 | |
| Town Hall | 7 | |
| Blacksmith | 1 | |
| Barracks | 1 | |
| Gryphon Aviary | 1 | |
| Workshop | 1 | |
341 total
» build order
00:04 Altar of Kings
00:19 Farm
00:35 Lumber Mill
00:47 Farm
01:24 Farm
01:35 Scout Tower
01:43 Scout Tower
01:56 Scout Tower
02:00 Scout Tower
02:07 Arcane Tower
02:10 Scout Tower
02:22 Scout Tower
02:23 Arcane Tower
02:27 Arcane Tower
02:28 Scout Tower
02:30 Arcane Tower
02:32 Scout Tower
02:39 Scout Tower
02:55 Scout Tower
02:56 Guard Tower
02:58 Scout Tower
02:59 Guard Tower
03:01 Scout Tower
03:01 Guard Tower
03:11 Scout Tower
03:12 Guard Tower
03:32 Scout Tower
03:33 Guard Tower
03:35 Guard Tower
03:37 Scout Tower
03:46 Scout Tower
03:47 Guard Tower
03:50 Scout Tower
03:56 Guard Tower
04:08 Scout Tower
04:11 Guard Tower
04:11 Guard Tower
04:11 Guard Tower
04:17 Scout Tower
04:18 Guard Tower
04:21 Arcane Tower
04:22 Guard Tower
04:23 Scout Tower
04:24 Scout Tower
04:51 Scout Tower
04:52 Guard Tower
04:54 Arcane Vault
05:01 Keep
05:04 Scout Tower
05:07 Guard Tower
05:17 Scout Tower
05:31 Scout Tower
05:32 Guard Tower
05:39 Guard Tower
05:41 Arcane Vault
05:44 Scout Tower
05:54 Scout Tower
05:55 Guard Tower
06:00 Guard Tower
06:00 Guard Tower
06:00 Guard Tower
06:11 Guard Tower
06:11 Guard Tower
06:55 Scout Tower
06:56 Guard Tower
06:59 Scout Tower
07:18 Arcane Vault
07:19 Guard Tower
08:00 Guard Tower
08:02 Arcane Vault
08:03 Scout Tower
08:13 Farm
08:13 Farm
08:18 Scout Tower
09:08 Scout Tower
09:09 Scout Tower
09:09 Scout Tower
09:17 Guard Tower
09:25 Arcane Sanctum
09:54 Scout Tower
09:56 Guard Tower
09:58 Scout Tower
10:03 Scout Tower
10:12 Scout Tower
10:13 Scout Tower
10:14 Guard Tower
11:21 Castle
11:26 Town Hall
11:49 Guard Tower
11:52 Scout Tower
11:53 Scout Tower
11:59 Scout Tower
12:01 Guard Tower
12:20 Guard Tower
12:21 Scout Tower
12:24 Scout Tower
12:28 Scout Tower
12:29 Scout Tower
12:31 Scout Tower
12:32 Scout Tower
12:51 Arcane Tower
12:54 Scout Tower
12:55 Scout Tower
12:59 Guard Tower
13:04 Scout Tower
13:05 Scout Tower
13:08 Scout Tower
13:42 Scout Tower
13:43 Scout Tower
13:45 Scout Tower
13:46 Scout Tower
13:56 Arcane Tower
14:00 Scout Tower
14:00 Scout Tower
14:01 Guard Tower
14:14 Guard Tower
14:16 Scout Tower
14:38 Guard Tower
14:40 Scout Tower
14:43 Guard Tower
14:46 Scout Tower
14:47 Scout Tower
14:47 Scout Tower
14:58 Guard Tower
15:00 Scout Tower
15:01 Scout Tower
15:06 Arcane Vault
15:07 Arcane Tower
15:32 Guard Tower
15:34 Scout Tower
15:45 Guard Tower
15:50 Scout Tower
15:53 Scout Tower
15:54 Scout Tower
16:01 Guard Tower
16:03 Scout Tower
16:09 Arcane Tower
16:11 Guard Tower
16:17 Guard Tower
16:18 Scout Tower
16:19 Scout Tower
16:21 Guard Tower
16:27 Scout Tower
16:27 Scout Tower
16:28 Scout Tower
16:29 Scout Tower
16:29 Scout Tower
16:31 Guard Tower
16:34 Scout Tower
16:35 Scout Tower
16:47 Guard Tower
17:12 Scout Tower
17:13 Scout Tower
17:14 Scout Tower
17:28 Town Hall
17:30 Guard Tower
17:31 Scout Tower
17:35 Scout Tower
17:36 Scout Tower
17:39 Guard Tower
17:41 Scout Tower
17:42 Scout Tower
17:43 Scout Tower
17:44 Scout Tower
17:45 Scout Tower
17:46 Guard Tower
17:49 Scout Tower
17:52 Scout Tower
17:53 Scout Tower
17:53 Scout Tower
17:59 Arcane Tower
18:00 Guard Tower
18:07 Arcane Tower
18:07 Guard Tower
18:17 Scout Tower
18:18 Scout Tower
18:23 Guard Tower
18:28 Scout Tower
18:30 Scout Tower
18:36 Scout Tower
18:38 Scout Tower
18:39 Guard Tower
18:42 Scout Tower
18:44 Scout Tower
18:59 Guard Tower
19:01 Scout Tower
19:02 Scout Tower
19:04 Guard Tower
19:06 Scout Tower
19:06 Scout Tower
19:17 Arcane Tower
19:19 Guard Tower
19:23 Scout Tower
19:23 Scout Tower
19:42 Guard Tower
19:51 Scout Tower
19:52 Scout Tower
20:14 Scout Tower
20:15 Scout Tower
20:16 Scout Tower
20:44 Guard Tower
21:38 Scout Tower
21:39 Scout Tower
21:41 Scout Tower
21:41 Scout Tower
21:42 Scout Tower
22:14 Guard Tower
22:19 Guard Tower
22:22 Scout Tower
22:25 Guard Tower
22:27 Scout Tower
22:28 Scout Tower
22:29 Scout Tower
22:34 Arcane Vault
22:35 Scout Tower
22:35 Scout Tower
22:37 Guard Tower
22:38 Scout Tower
22:42 Scout Tower
22:43 Scout Tower
22:48 Town Hall
23:14 Scout Tower
23:14 Scout Tower
23:15 Scout Tower
23:17 Scout Tower
23:18 Scout Tower
23:19 Scout Tower
23:20 Scout Tower
23:20 Scout Tower
23:22 Scout Tower
23:27 Guard Tower
23:45 Guard Tower
23:46 Scout Tower
23:48 Arcane Tower
23:49 Guard Tower
23:54 Scout Tower
23:55 Scout Tower
24:00 Guard Tower
24:01 Scout Tower
24:03 Guard Tower
24:07 Scout Tower
24:19 Arcane Tower
24:20 Guard Tower
24:30 Scout Tower
24:31 Scout Tower
24:46 Guard Tower
24:54 Scout Tower
26:02 Guard Tower
26:03 Scout Tower
26:04 Scout Tower
26:11 Town Hall
26:13 Town Hall
26:23 Guard Tower
26:32 Scout Tower
26:33 Scout Tower
26:34 Scout Tower
26:34 Scout Tower
26:35 Scout Tower
26:36 Scout Tower
26:43 Guard Tower
26:46 Scout Tower
26:53 Scout Tower
26:55 Scout Tower
27:11 Scout Tower
27:13 Scout Tower
27:14 Scout Tower
27:15 Scout Tower
27:15 Guard Tower
27:19 Arcane Tower
27:22 Guard Tower
27:31 Guard Tower
27:39 Guard Tower
27:48 Guard Tower
27:56 Scout Tower
27:56 Scout Tower
28:01 Scout Tower
28:02 Scout Tower
28:22 Guard Tower
28:27 Guard Tower
28:40 Guard Tower
28:51 Guard Tower
28:56 Guard Tower
29:20 Guard Tower
29:22 Scout Tower
29:33 Town Hall
29:37 Scout Tower
29:38 Scout Tower
29:39 Scout Tower
29:39 Scout Tower
29:40 Scout Tower
29:40 Scout Tower
29:51 Scout Tower
29:55 Scout Tower
29:56 Scout Tower
30:04 Scout Tower
30:05 Scout Tower
30:07 Guard Tower
30:25 Guard Tower
31:13 Guard Tower
31:16 Town Hall
31:21 Scout Tower
31:21 Scout Tower
31:22 Scout Tower
31:23 Scout Tower
31:24 Scout Tower
31:24 Scout Tower
32:01 Scout Tower
32:17 Guard Tower
32:18 Arcane Tower
32:26 Scout Tower
32:27 Scout Tower
32:27 Scout Tower
32:50 Guard Tower
34:26 Guard Tower
34:51 Arcane Tower
34:56 Scout Tower
34:57 Scout Tower
35:50 Blacksmith
35:51 Barracks
35:53 Gryphon Aviary
37:43 Guard Tower
37:47 Workshop
37:48 Farm
39:15 Farm
39:15 Farm
39:16 Farm
39:31 Farm
39:32 Farm
40:54 Farm
40:57 Farm
40:58 Farm
» items
| Healing Salve | 2 | |
| Orb of Lightning | 3 | |
| Scroll of Regeneration | 2 | |
| Staff of Sanctuary | 3 | |
| Scroll of Town Portal | 2 | |
12 total
TIMG4STROK (
yellow | 76 APM | 3852 actions | 50:52)
7 Blademaster
3 Wind Walk
3 Critical Strike
1 Bladestorm
» actions
| Assign group hotkey | 22 | |
| Basic commands | 36 | |
| Build / train | 81 | |
| ESC pressed | 2 | |
| Enter build submenu | 86 | |
| Enter hero's abilities submenu | 8 | |
| Give item / drop item | 7 | |
| Right click | 2230 | |
| Select / deselect | 387 | |
| Select group hotkey | 792 | |
| Use ability | 197 | |
3852 total
» units
| Peon | 16 | |
| Troll Batrider | 6 | |
| Shaman | 2 | |
| Troll Witch Doctor | 2 | |
| Spirit Walker | 2 | |
| Kodo Beast | 1 | |
| Wind Rider | 9 | |
| Raider | 2 | |
40 total
» upgrades
| Spiked Barricades | 1 | |
| Liquid Fire | 1 | |
| Ranged Weapons | 3 | |
| Armor | 3 | |
| Envenomed Spears | 1 | |
| War Drums Damage Increase | 2 | |
| Ensnare | 1 | |
| Shaman Training | 2 | |
| Witch Doctor Training | 2 | |
| Spirit Walker Training | 2 | |
| Melee Weapons | 3 | |
| Pillage | 1 | |
22 total
» buildings
| Altar of Storms | 1 | |
| Orc Burrow | 9 | |
| War Mill | 1 | |
| Watch Tower | 67 | |
| Voodoo Lounge | 2 | |
| Stronghold | 1 | |
| Fortress | 1 | |
| Beastiary | 2 | |
| Spirit Lodge | 1 | |
85 total
» build order
00:09 Altar of Storms
00:23 Orc Burrow
00:48 War Mill
02:00 Watch Tower
02:06 Orc Burrow
02:18 Voodoo Lounge
02:34 Watch Tower
03:31 Watch Tower
03:45 Voodoo Lounge
03:47 Watch Tower
03:48 Watch Tower
03:59 Watch Tower
05:00 Stronghold
05:05 Watch Tower
05:06 Watch Tower
05:13 Watch Tower
06:17 Watch Tower
06:21 Watch Tower
06:35 Watch Tower
07:22 Watch Tower
07:24 Fortress
07:25 Beastiary
07:27 Beastiary
07:39 Watch Tower
07:53 Watch Tower
08:28 Watch Tower
08:36 Orc Burrow
09:33 Watch Tower
09:34 Watch Tower
10:00 Watch Tower
10:21 Orc Burrow
10:58 Watch Tower
11:00 Watch Tower
11:30 Watch Tower
12:04 Watch Tower
12:08 Watch Tower
12:46 Watch Tower
13:10 Watch Tower
13:17 Watch Tower
13:34 Watch Tower
13:51 Watch Tower
14:36 Watch Tower
14:37 Watch Tower
15:04 Watch Tower
15:42 Watch Tower
15:43 Watch Tower
16:13 Watch Tower
16:21 Watch Tower
16:22 Watch Tower
16:24 Watch Tower
16:25 Watch Tower
16:51 Watch Tower
16:52 Watch Tower
17:24 Watch Tower
17:25 Watch Tower
17:57 Watch Tower
17:58 Watch Tower
18:42 Watch Tower
18:43 Watch Tower
19:04 Watch Tower
19:06 Watch Tower
19:35 Watch Tower
19:51 Watch Tower
19:51 Watch Tower
21:20 Watch Tower
21:21 Watch Tower
21:27 Watch Tower
21:28 Watch Tower
21:40 Watch Tower
21:44 Watch Tower
22:44 Watch Tower
22:55 Watch Tower
22:56 Watch Tower
23:19 Watch Tower
23:56 Watch Tower
24:02 Watch Tower
24:14 Spirit Lodge
24:20 Watch Tower
24:26 Watch Tower
24:31 Watch Tower
25:01 Orc Burrow
25:02 Orc Burrow
25:04 Orc Burrow
25:05 Orc Burrow
25:07 Orc Burrow
» items
| Healing Salve | 2 | |
| Lesser Clarity Potion | 3 | |
| Scroll of Speed | 1 | |
| Orb of Lightning | 1 | |
| Scroll of Regeneration | 1 | |
8 total
team 2 (loser)
Calanderboy (
red | 42 APM | 2148 actions | 50:48)
5 Mountain King
3 Storm Bolt
2 Bash
4 Paladin
2 Holy Light
2 Devotion Aura
2 Archmage
1 Summon Water Elemental
1 Brilliance Aura
» actions
| Assign group hotkey | 26 | |
| Basic commands | 249 | |
| Build / train | 121 | |
| Enter build submenu | 42 | |
| Enter hero's abilities submenu | 15 | |
| Give item / drop item | 1 | |
| Right click | 416 | |
| Select / deselect | 459 | |
| Select group hotkey | 625 | |
| Use ability | 194 | |
2148 total
» units
| Peasant | 30 | |
| Footman | 2 | |
| Rifleman | 2 | |
| Siege Engine | 21 | |
55 total
» upgrades
| Masonry | 3 | |
| Lumber Harvesting | 2 | |
| Long Rifles | 1 | |
| Barrage | 1 | |
| Gunpowder | 3 | |
| Plating | 3 | |
| Magic Sentry | 1 | |
14 total
» buildings
| Farm | 8 | |
| Altar of Kings | 1 | |
| Barracks | 1 | |
| Scout Tower | 24 | |
| Arcane Vault | 2 | |
| Arcane Tower | 6 | |
| Lumber Mill | 1 | |
| Keep | 1 | |
| Guard Tower | 11 | |
| Blacksmith | 1 | |
| Castle | 1 | |
| Workshop | 4 | |
| Town Hall | 4 | |
| Arcane Sanctum | 1 | |
66 total
» build order
00:18 Farm
00:27 Altar of Kings
00:39 Barracks
00:54 Farm
01:37 Scout Tower
01:54 Arcane Vault
02:09 Arcane Tower
03:19 Lumber Mill
03:37 Farm
04:01 Keep
04:10 Scout Tower
04:13 Scout Tower
04:17 Scout Tower
04:40 Arcane Tower
04:43 Guard Tower
04:55 Guard Tower
05:29 Blacksmith
05:46 Farm
06:32 Castle
06:49 Workshop
07:24 Workshop
08:07 Farm
09:52 Town Hall
09:55 Scout Tower
09:56 Scout Tower
09:56 Scout Tower
09:57 Scout Tower
09:58 Scout Tower
09:58 Scout Tower
09:58 Scout Tower
10:43 Guard Tower
10:58 Guard Tower
12:18 Scout Tower
12:18 Scout Tower
12:19 Scout Tower
12:19 Scout Tower
12:20 Scout Tower
12:33 Farm
13:09 Arcane Tower
13:46 Guard Tower
14:25 Guard Tower
14:27 Arcane Tower
15:28 Workshop
15:33 Workshop
16:23 Arcane Tower
21:01 Farm
21:50 Farm
27:37 Town Hall
27:39 Scout Tower
27:44 Scout Tower
27:46 Scout Tower
27:49 Scout Tower
27:51 Scout Tower
28:16 Guard Tower
28:17 Guard Tower
28:23 Arcane Tower
28:25 Scout Tower
29:15 Guard Tower
29:27 Guard Tower
32:32 Arcane Sanctum
39:07 Arcane Vault
45:40 Town Hall
47:22 Town Hall
48:22 Scout Tower
48:24 Scout Tower
49:44 Guard Tower
» items
| Lesser Clarity Potion | 4 | |
| Potion of Healing | 9 | |
| Scroll of Town Portal | 3 | |
| Orb of Fire | 1 | |
| Potion of Mana | 1 | |
18 total
JoeyDoom (
blue | 103 APM | 5231 actions | 50:52)
5 Priestess of the Moon
1 Searing Arrows
2 Scout
2 Trueshot Aura
1 Keeper of the Grove
1 Entangling Roots
» actions
| Assign group hotkey | 31 | |
| Basic commands | 412 | |
| Build / train | 162 | |
| ESC pressed | 15 | |
| Enter build submenu | 72 | |
| Enter hero's abilities submenu | 6 | |
| Right click | 1208 | |
| Select / deselect | 512 | |
| Select group hotkey | 2551 | |
| Use ability | 261 | |
5231 total
» units
| Wisp | 100 | |
| Dryad | 7 | |
| Mountain Giant | 4 | |
111 total
» upgrades
| Ultravision | 1 | |
| Abolish Magic | 1 | |
| Reinforced Hides | 3 | |
| Hardened Skin | 1 | |
| Resistant Skin | 1 | |
| Strength of the Wild | 2 | |
| Well Spring | 1 | |
10 total
» buildings
| Moon Well | 16 | |
| Altar of Elders | 2 | |
| Hunter's Hall | 2 | |
| Tree of Ages | 8 | |
| Ancient of Wonders | 2 | |
| Tree of Life | 6 | |
| Ancient of Lore | 2 | |
| Tree of Eternity | 8 | |
| Ancient Protector | 27 | |
| Ancient of Wind | 2 | |
| Chimaera Roost | 2 | |
77 total
» build order
00:10 Moon Well
00:20 Altar of Elders
01:55 Hunter's Hall
03:17 Tree of Ages
03:17 Tree of Ages
03:18 Tree of Ages
03:18 Tree of Ages
03:52 Moon Well
04:51 Ancient of Wonders
05:18 Tree of Life
05:47 Ancient of Lore
06:39 Ancient of Lore
07:53 Tree of Eternity
07:56 Moon Well
09:27 Moon Well
09:32 Moon Well
09:51 Ancient Protector
10:03 Ancient Protector
11:25 Moon Well
13:29 Ancient Protector
13:38 Ancient Protector
13:42 Ancient Protector
13:45 Ancient Protector
14:30 Ancient Protector
15:54 Ancient Protector
16:26 Tree of Life
16:35 Ancient Protector
23:37 Tree of Life
23:43 Tree of Life
25:08 Tree of Life
26:00 Altar of Elders
26:04 Hunter's Hall
26:34 Moon Well
26:43 Tree of Life
27:00 Moon Well
27:10 Ancient Protector
27:30 Ancient Protector
28:02 Moon Well
28:44 Ancient Protector
29:06 Moon Well
29:11 Ancient Protector
29:27 Ancient Protector
30:11 Ancient Protector
32:48 Ancient Protector
32:54 Ancient Protector
32:55 Ancient Protector
33:00 Tree of Ages
33:01 Tree of Ages
33:47 Ancient Protector
33:50 Ancient Protector
34:39 Ancient Protector
34:41 Ancient Protector
35:13 Ancient Protector
35:18 Ancient Protector
35:23 Ancient Protector
35:36 Tree of Eternity
35:36 Tree of Eternity
35:36 Tree of Eternity
35:37 Tree of Eternity
36:12 Ancient Protector
37:26 Ancient Protector
39:03 Moon Well
39:11 Moon Well
41:03 Moon Well
41:36 Ancient of Wind
45:47 Moon Well
47:37 Ancient of Wind
47:39 Moon Well
47:42 Moon Well
48:47 Chimaera Roost
48:51 Chimaera Roost
49:47 Ancient of Wonders
» items
| Lesser Clarity Potion | 2 | |
| Moonstone | 1 | |
| Scroll of Town Portal | 1 | |
| Healing Salve | 1 | |
| Potion of Healing | 1 | |
6 total
TheMightyItch (
orange | 81 APM | 4125 actions | 50:47)
4 Far Seer
2 Feral Spirit
2 Chain Lighting
3 Shadow Hunter
2 Healing Wave
1 Hex
» actions
| Assign group hotkey | 42 | |
| Basic commands | 511 | |
| Build / train | 102 | |
| ESC pressed | 5 | |
| Enter build submenu | 39 | |
| Enter hero's abilities submenu | 7 | |
| Give item / drop item | 2 | |
| Right click | 1335 | |
| Select / deselect | 558 | |
| Select group hotkey | 1372 | |
| Use ability | 152 | |
4125 total
» units
| Peon | 15 | |
| Grunt | 6 | |
| Troll Witch Doctor | 7 | |
| Kodo Beast | 3 | |
| Raider | 2 | |
| Tauren | 6 | |
| Barbed Arachnathid | 1 | |
| Blue Dragonspawn Meddler | 1 | |
| Troll Batrider | 6 | |
| Demolisher | 11 | |
58 total
» upgrades
| Berserker Strength | 1 | |
| Pillage | 1 | |
| Witch Doctor Training | 2 | |
| War Drums Damage Increase | 1 | |
| Ensnare | 1 | |
| Reinforced Defenses | 1 | |
| Pulverize | 1 | |
| Spiked Barricades | 2 | |
| Burning Oil | 1 | |
11 total
» buildings
| Altar of Storms | 1 | |
| Orc Burrow | 8 | |
| Barracks | 2 | |
| Voodoo Lounge | 2 | |
| War Mill | 1 | |
| Stronghold | 1 | |
| Spirit Lodge | 1 | |
| Beastiary | 1 | |
| Fortress | 1 | |
| Tauren Totem | 2 | |
| Watch Tower | 18 | |
| Great Hall | 3 | |
41 total
» build order
00:05 Altar of Storms
00:09 Orc Burrow
00:36 Barracks
01:29 Orc Burrow
01:50 Voodoo Lounge
02:47 War Mill
04:36 Stronghold
04:54 Orc Burrow
07:43 Spirit Lodge
07:47 Beastiary
09:13 Orc Burrow
09:17 Fortress
12:57 Tauren Totem
13:03 Tauren Totem
13:18 Orc Burrow
13:28 Watch Tower
13:32 Watch Tower
13:47 Watch Tower
14:37 Orc Burrow
16:58 Orc Burrow
17:28 Orc Burrow
21:35 Watch Tower
21:40 Watch Tower
22:07 Watch Tower
22:59 Watch Tower
23:20 Great Hall
23:51 Great Hall
26:30 Watch Tower
26:47 Watch Tower
27:11 Watch Tower
28:17 Watch Tower
28:18 Watch Tower
29:21 Watch Tower
33:09 Watch Tower
33:19 Great Hall
37:53 Watch Tower
39:04 Watch Tower
39:36 Watch Tower
39:39 Watch Tower
42:17 Voodoo Lounge
48:23 Barracks
» items
| Healing Salve | 5 | |
| Lesser Clarity Potion | 6 | |
| Potion of Healing | 4 | |
| Scroll of Town Portal | 1 | |
| Orb of Lightning | 2 | |
| Scroll of Regeneration | 1 | |
| Potion of Mana | 1 | |
20 total
Chat log
(23:28 / All) MyLiegeCyrus: gg, by the way
(26:16 / All) MyLiegeCyrus: another Nice Try
(27:19 / All) TIMG4STROK: hi all
(27:22 / All) TIMG4STROK: where you guys from
(30:24 / All) TIMG4STROK: bye bitch
(30:26 / All) JoeyDoom: ?
(31:37 / All) MyLiegeCyrus: how do you feel this tank invesment is working out for you
(39:52 / All) MyLiegeCyrus: are you sure these tanks are cost efficient
(41:38 / All) TIMG4STROK: no
(41:40 / All) TIMG4STROK: dnt drop